 Dungeon Crawl Stone Soup version 0.31-a0-859-g9dce7d3444 (webtiles) character file.

Game seed: 2458699034903779119

3714 javelincjr the Destroyer (level 10, -9/56 HPs)
             Began as an Octopode Conjurer on Oct 9, 2023.
             Was a Believer of Sif Muna.
             Mangled by a komodo dragon (30 damage)
             ... on level 8 of the Dungeon.
             The game lasted 00:29:19 (10250 turns).

javelincjr the Destroyer (Octopode Conjurer)       Turns: 10250, Time: 00:29:20

Health: -9/56      AC:  3    Str: 11    XL:     10   Next: 14%
Magic:  16/20      EV: 14    Int: 30    God:    Sif Muna [**....]
Gold:   560        SH:  0    Dex: 10    Spells: 2/23 levels left

rFire   . . .        q - +7 long sword "Otamounn" {vamp, rC+ rN+ Str+3}
rCold   + . .        (no shield)
rNeg    + . .        u - +2 hat
rPois   .            (no amulet)
rElec   .            f - +6 ring of intelligence
rCorr   .            k - ring of see invisible
SInv    +            e - ring of wizardry
Will    .....        (no ring)
Stlth   +++++        (no ring)
HPRegen 0.29/turn    (no ring)
MPRegen 0.17/turn    (no ring)
                     (no ring)

%: wizardry (x1)
@: no status effects
A: almost no armour, amphibious, 8 rings, camouflage 1, gelatinous body 1,
(nimble swimmer 1), tentacles
a: Renounce Religion, Channel Magic


You were on level 8 of the Dungeon.
You worshipped Sif Muna.
Sif Muna was pleased with you.
You visited 2 branches of the dungeon, and saw 9 of its levels.

You collected 560 gold pieces.

Inventory:

Hand Weapons
 i - a +5 vampiric quarterstaff
 j - a +3 hammer of draining
 q - the +7 long sword "Otamounn" (weapon) {vamp, rC+ rN+ Str+3}
   (You found it on level 3 of the Dungeon)

   Str+3:     It affects your strength (+3).
   rC+:       It protects you from cold.
   rN+:       It protects you from negative energy.
 B - a +0 shortbow of draining
Missiles
 w - a throwing net
Armour
 u - a +2 hat (worn)
Magical Staves
 t - the staff of Intimidation {rC+ rCorr Str-4 Int+3 Earth}
   (You found it on level 4 of the Dungeon)

   [staff of earth]

   Base accuracy: +5 Base damage: 5 Base attack delay: 1.2 This weapon's minimum
   attack delay (0.6) is reached at skill level 12.
   Str-4:     It affects your strength (-4).
   Int+3:     It affects your intelligence (+3).
   rC+:       It protects you from cold.
   rCorr:     It protects you from acid and corrosion.
   Earth:     It increases the power of your Earth spells.
   It falls into the 'Staves' category.
   It is a one-tentacled weapon.
Jewellery
 e - a ring of wizardry (on tentacle)
 f - a +6 ring of intelligence (left tentacle)
 k - a ring of see invisible (right tentacle)
Wands
 r - a wand of paralysis (10)
 E - a wand of polymorph (10)
Scrolls
 d - 5 scrolls of teleportation
 g - 2 scrolls of vulnerability
 h - 3 scrolls of fear
 l - 2 scrolls of immolation
 x - a scroll of enchant weapon
Potions
 a - 2 potions of magic
 b - 4 potions of cancellation
 c - a potion of mutation
 m - a potion of enlightenment
 o - a potion of brilliance
 s - 5 potions of curing
 z - 2 potions of haste
 D - a potion of heal wounds


   Skills:
 + Level 4.8 Long Blades
 - Level 0.5 Staves
 + Level 5.7 Dodging
 + Level 8.1 Stealth
 * Level 7.1 Spellcasting
 * Level 8.4 Conjurations
 + Level 1.9 Earth Magic
 + Level 2.0 Invocations


You had 2 spell levels left.
You knew the following spells:

 Your Spells              Type           Power      Damage    Failure   Level
a - Magic Dart            Conj           100%       1d8       1%          1
b - Searing Ray           Conj           100%       2d8       1%          2
c - Stone Arrow           Conj/Erth      82%        3d12      1%          3
d - Dazzling Flash        Conj/Hex       72%        N/A       1%          3
e - Brom's Barrelling Bo  Conj/Erth      41%        2d6       2%          4
f - Iskenderun's Mystic   Conj/Tloc      36%        2d9       3%          4
g - Fulminant Prism       Conj/Hex       18%        3d10      3%          4

Your spell library contained the following spells:

 Spells                   Type           Power      Damage    Failure   Level
 Apportation              Tloc           20%        N/A       1%          1
 Sandblast                Erth           44%        2d11      1%          1
 Passwall                 Tmut/Erth      13%        N/A       1%          2
 Call Canine Familiar     Summ           10%        N/A       6%          3
 Gell's Gravitas          Tloc           10%        N/A       6%          3
 Sigil of Binding         Hex            10%        N/A       6%          3
 Teleport Other           Tloc           10%        N/A       6%          3
 Leda's Liquefaction      Hex/Erth       8%         N/A       13%         4
 Dimensional Bullseye     Hex/Tloc       5%         N/A       19%         4
 Dispersal                Tloc           5%         N/A       94%         6


Dungeon Overview and Level Annotations

Branches:
Dungeon (8/15)             Temple (1/1) D:5
   Lair: D:8-11

Altars:
Ashenzari
Dithmenos
Elyvilon
Fedhas
Gozag
Hepliaklqana
Kikubaaqudgha
Makhleb
Nemelex Xobeh
Okawaru
Qazlal
Ru
Sif Muna
Trog
Uskayaw
Vehumet
Wu Jian
Xom
Yredelemnul
Zin

Shops:
D:3 [   D:4 [


Innate Abilities, Weirdness & Mutations

You cannot wear most types of armour.
You are amphibious.
You can wear up to eight rings at the same time.
Your skin changes colour to match your surroundings (Stealth+).
Your rubbery body absorbs attacks. (AC +1, EV +1)
((You are camouflaged when in or above water. (Stealth+)))
You have tentacles for arms and can constrict up to eight enemies at once.


Message History

The komodo dragon bites you!!
Ouch! That really hurt!
Casting: Fulminant Prism (dangerous; 3% risk of failure)
Confirm with . or Enter, or press ? or * to list all spells.
Aiming: Fulminant Prism (dangerous; 3% risk of failure)
Press: ? - help, Dir - move target, f - komodo dragon
Aim: a komodo dragon (lightly wounded)
Okay, then.
Casting: Fulminant Prism (dangerous; 3% risk of failure)
Confirm with . or Enter, or press ? or * to list all spells.
You erupt in a blast of force!
The mystic blast hits the plant!
The plant begins to die.
The plant is lightly damaged.
The mystic blast hits the plant!
The plant begins to die.
The plant is lightly damaged.
The mystic blast hits the plant!
The plant begins to die.
The plant is lightly damaged.
The mystic blast hits the plant.
The plant begins to die.
The plant is lightly damaged.
The mystic blast hits the fungus!
The fungus begins to die.
The fungus is lightly damaged.
The mystic blast hits the fungus!
The fungus begins to die.
The fungus is lightly damaged.
The mystic blast hits the bullfrog!
The bullfrog is heavily wounded.
The bullfrog is knocked back by the mystic blast.
The mystic blast hits the komodo dragon.
The komodo dragon is moderately wounded.
The komodo dragon is knocked back by the mystic blast.
The mystic blast hits the komodo dragon but does no damage.
The komodo dragon is lightly wounded.
The mystic blast hits the fungus.
The fungus begins to die.
The fungus is lightly damaged.
The mystic blast hits the plant!
The plant begins to die.
The plant is lightly damaged.
The mystic blast hits the fungus!
The fungus begins to die.
The fungus is lightly damaged.
The komodo dragon bites you!!
Ouch! That really hurt!
You die... .P..........#.... ... .P.PP......#.... ..P #...P......#...# PP..

#P.P.......#...# ..P..
+...P......#....
P..P.####PF........#....
..P..l..P.P....<...#...#
...PP..l.P.........#...#
....P.P@..[....<...'...#
.....P.PPP..†......#...#
......P..P.........#...#
............########..##
............# ####
.......#+#### ##.....
#.....


You could see 2 komodo dragons and a bullfrog.

Vanquished Creatures
  Sigmund (D:6)
  3 yaks (D:6)
  Eustachio (D:6)
  A steam dragon (D:7)
  A hornet zombie (D:7)
  A black bear (D:5)
  An ice beast (D:5)
  5 ogres
  3 phantoms
  3 centaurs
  2 bullfrogs
  3 necrophages (D:7)
  A gnoll sergeant (D:8)
  A wyvern zombie (D:7)
  A water moccasin zombie (D:7)
  4 scorpions
  A wight (D:7)
  A human zombie (D:7)
  A centaur zombie (D:7)
  5 jellies
  An orc priest (D:5)
  Crazy Yiuf (D:2)
  3 hounds (D:5)
  6 iguanas
  A sleepcap (D:7)
  2 orc wizards (D:5)
  A killer bee zombie (D:7)
  2 howler monkey zombies (D:7)
  8 gnolls
  10 adders
  2 white imps
  2 ufetubi
  2 worms (D:2)
  3 dart slugs
  15 orcs
  9 endoplasms
  5 giant cockroaches
  7 goblins
  5 hobgoblins
  7 jackals (D:4)
  7 kobolds
  5 quokkas
  5 ball pythons
  8 bats
  4 frilled lizards
  2 rats (D:3)
163 creatures vanquished.

Vanquished Creatures (others)
  A boulder (D:7)
  8 fulminant prisms
9 creatures vanquished.

Grand Total: 172 creatures vanquished

Notes
Turn   | Place    | Note
-------+----------+-------------------------------------------
     0 | D:1      | javelincjr the Octopode Conjurer began the quest for the
                  | Orb.
     0 | D:1      | Reached XP level 1. HP: 11/11 MP: 3/3
   248 | D:1      | Reached XP level 2. HP: 17/17 MP: 1/5
   419 | D:1      | Found a faded altar of an unknown god.
   758 | D:1      | Reached XP level 3. HP: 21/21 MP: 2/6
  1472 | D:2      | Found a runed translucent door.
  1476 | D:2      | Learned a level 2 spell: Searing Ray
  1476 | D:2      | Noticed Crazy Yiuf
  2476 | D:2      | Killed Crazy Yiuf
  2477 | D:2      | Reached XP level 4. HP: 21/27 MP: 1/8
  2684 | D:3      | Found Wievanor's Armour Boutique.
  2789 | D:3      | Found a bloodstained altar of Trog.
  2795 | D:3      | Got a dusty book
  3024 | D:3      | Identified the +7 long sword "Otamounn" {vamp, rC+ rN+
                  | Str+3}
  3266 | D:3      | Reached XP level 5. HP: 31/31 MP: 6/9
  3805 | D:3      | Learned a level 3 spell: Stone Arrow
  3889 | D:4      | Found Xabbijay's Antique Armour Shoppe.
  3999 | D:4      | Found a blossoming altar of Fedhas.
  4101 | D:4      | Reached skill level 5 in Conjurations
  4208 | D:4      | Identified the staff of Intimidation {rC+ rCorr Str-4 Int+3
                  | Earth}
  4312 | D:4      | Reached XP level 6. HP: 36/36 MP: 7/11
  4314 | D:4      | Reached skill level 1 in Long Blades
  4516 | D:4      | Found an iron altar of Okawaru.
  4846 | D:5      | Entered Level 5 of the Dungeon
  4904 | D:5      | Reached XP level 7. HP: 41/41 MP: 6/12
  4953 | D:5      | Found an opulent altar of Gozag.
  4975 | D:5      | Found a staircase to the Ecumenical Temple.
  4982 | Temple   | Entered the Ecumenical Temple
  4997 | Temple   | Became a worshipper of Sif Muna the Loreminder
  5110 | D:5      | Reached skill level 5 in Stealth
  5402 | D:5      | You fall into a shaft and drop 1 floor!
  5459 | D:6      | Reached XP level 8. HP: 46/46 MP: 2/14
  5638 | D:5      | Found a radiant altar of Vehumet.
  6062 | D:5      | Reached skill level 5 in Spellcasting
  6346 | D:5      | Reached * piety under Sif Muna
  6744 | D:6      | Noticed Sigmund
  6763 | D:6      | Killed Sigmund
  6764 | D:6      | Reached XP level 9. HP: 48/51 MP: 11/17
  6826 | D:6      | Noticed Eustachio
  6832 | D:6      | Killed Eustachio
  7135 | D:6      | Reached skill level 5 in Dodging
  7311 | D:6      | Learned a level 3 spell: Dazzling Flash
  7316 | D:6      | Learned a level 4 spell: Brom's Barrelling Boulder
  7321 | D:6      | Learned a level 4 spell: Iskenderun's Mystic Blast
  8152 | D:7      | Found a stormy altar of Qazlal.
  8241 | D:7      | Found a white marble altar of Elyvilon.
  8645 | D:7      | Reached skill level 1 in Earth Magic
  8645 | D:7      | Reached skill level 1 in Invocations
  9012 | D:7      | Found a basalt altar of Yredelemnul.
  9248 | D:7      | Learned a level 4 spell: Fulminant Prism
  9259 | D:7      | Reached XP level 10. HP: 56/56 MP: 5/20
  9758 | D:8      | Reached ** piety under Sif Muna
 10131 | D:8      | Identified a scroll of acquirement
 10131 | D:8      | Acquired a ring of wizardry
 10250 | D:8      | Mangled by a komodo dragon

Illustrated notes

Levels and vault maps discovered:
D:1:      nzn_arrival_settlement, layout_loops_ring, basic_ecumenical_altar,
          minmay_nonomino_d4
D:2:      layout_loops_corners, kennysheep_decorative_pillar,
          uniq_crazy_yiuf_cottage
D:3:      layout_loops_ring, trog_book, serial_shops, nicolae_square_shop
D:4:      layout_rooms, mainiacjoe_overflow_24_doors,
          mainiacjoe_overflow_catwalk, serial_shops, nicolae_shop_waterfront
D:5:      minmay_razor_zed, layout_cave_pools, marbit_many_paths,
          lemuel_round_altar, minmay_temple_entry_mini_moons
D:6:      layout_basic, uniq_eustachio, uniq_sigmund
D:7:      layout_loops_ring, grunt_qazlal_clouds,
          lemuel_mausoleum_altar_yredelemnul, lemuel_doored_altar,
          grunt_ministairs_8, due_unseen_surprise
D:8:      layout_gridville, cheibrodos_worm_habitat,
          grunt_lair_entry_orc_guard_hut, enter_bailey_3
Temple:   hellmonk_temple_forest_ring

Skill      XL: |  1  2  3  4  5  6  7  8  9 10 |
---------------+-------------------------------+-----
Stealth        | 3 4 5 6 7 8 |  8.1
Spellcasting   | 3 4 5 6 7 |  7.1
Dodging        | 3 4 5 |  5.7
Conjurations   | 5 6 7 8 |  8.4
Long Blades    | 1 2 3 4 |  4.8
Earth Magic    | 1 |  1.9
Invocations    | 1 2 |  2.0
Staves         | |  0.5

Action                     |  1- 3 |  4- 6 |  7- 9 | 10-12 || total
---------------------------+-------+-------+-------+-------++-------
  Melee: Unarmed           |    15 |       |       |       ||    15
         Tentacles         |     4 |     2 |    12 |     1 ||    19
         Constrict         |     2 |     5 |    12 |     3 ||    22
         Long sword        |       |    28 |    68 |     9 ||   105
         Punch             |       |       |     1 |       ||     1
   Cast: Magic Dart        |    78 |    74 |    40 |    17 ||   209
         Searing Ray       |     1 |    11 |     7 |       ||    19
         Stone Arrow       |       |     3 |    42 |    13 ||    58
         Iskenderun's Myst |       |       |     5 |     1 ||     6
         Fulminant Prism   |       |       |     2 |     6 ||     8
         Brom's Barrelling |       |       |     2 |       ||     2
         Dazzling Flash    |       |       |     1 |       ||     1
    Use: Scroll            |       |       |    10 |     8 ||    18
   Stab: Sleeping          |       |       |     6 |       ||     6
 Armour: Skin              |     8 |    21 |    55 |     8 ||    92
  Dodge: Dodged            |     8 |    27 |    63 |    10 ||   108

Table legend: (Time is in decaauts)
 A = Elapsed time spent in this place.
 B = Non-inter-level travel time spent in this place.
 C = Inter-level travel time spent in this place.
 D = Time resting spent in this place.
 E = Time spent auto-exploring this place.
 F = Levels seen in this place.
 G = Mean time per level.
                   A        B        C        D        E       F      G
               +--------+--------+--------+--------+--------+-----+--------+
         Total |  10273 |   9957 |    316 |    472 |   8351 |   9 | 1141.4 |
       Dungeon |  10243 |   9955 |    288 |    472 |   8351 |   8 | 1280.4 |
        Temple |     30 |      2 |     28 |      0 |      0 |   1 |   30.0 |
               +--------+--------+--------+--------+--------+-----+--------+

Top non-repeatable levels by time:
     D:7: 1950 daAuts
     D:5: 1591 daAuts
     D:2: 1390 daAuts
     D:6: 1343 daAuts
     D:3: 1233 daAuts
     D:1: 1201 daAuts
     D:4: 1028 daAuts
     D:8: 503 daAuts
  Temple: 30 daAuts
